 Dungeon Crawl Stone Soup version 0.30-a0-760-g5a9884bb7c (webtiles) character file.

Game seed: 14867021018795528722

16 Mickster the Covered (level 2, -6/26 HPs)
             Began as an Armataur Fighter on Feb 10, 2023.
             Mangled by Terence
             ... wielding a +0 falchion
              (8 damage)
             ... on level 2 of the Dungeon.
             The game lasted 00:07:41 (494 turns).

Mickster the Covered (Armataur Fighter)              Turns: 494, Time: 00:07:41

Health: -6/26      AC:  7    Str: 21    XL:     2   Next: 41%
Magic:  2/2        EV:  7    Int:  8    God:
Gold:   23         SH:  4    Dex:  9    Spells: 1/1 levels left

rFire   . . .      SeeInvis .    a - +0 flail
rCold   . . .      Faith    .    c - +0 buckler
rNeg    . . .      Spirit   .    b - +0 scale mail
rPois   .          Reflect  .    (no helmet)
rElec   .          Harm     .    (no cloak)
rCorr   .          Roll     +    (no gloves)
Will    .....                    (no barding) Stlth
                                 (no amulet)
HPRegen 0.24/turn                (no ring)
MPRegen 0.08/turn                (no ring)

@: mighty
A: large, rugged brown scales 3, deformed body, armoured tail, roll, long
tongue, awkward tongue
a: no special abilities


You were on level 2 of the Dungeon.
You visited 1 branch of the dungeon, and saw 2 of its levels.

You collected 23 gold pieces.

Inventory:

Hand Weapons
 a - a +0 flail (weapon)
 i - a +0 trident
Missiles
 e - 9 stones (quivered)
Armour
 b - a +0 scale mail (worn)
 c - a +0 buckler (worn)
Magical Staves
 g - a staff of fire
Scrolls
 f - a scroll of fog
Potions
 h - 2 potions of flight {unknown}


   Skills:
 + Level 2.7 Fighting
 + Level 1.9 Maces & Flails
 + Level 4.3 Armour
 + Level 3.4 Shields


You had one spell level left.
You didn't know any spells.
Your spell library contained the following spells:

 Spells                   Type           Power      Damage    Failure   Level
 Sandblast                Erth           0%         2d4       80%         1
 Passwall                 Tmut/Erth      0%         N/A       91%         2
 Inner Flame              Hex/Fire       0%         N/A       99%         3
 Stone Arrow              Conj/Erth      0%         3d7       99%         3
 Flame Wave               Conj/Fire      0%         2d4       100%        4
 Sticky Flame             Conj/Fire      0%         2d3       100%        4


Dungeon Overview and Level Annotations

Branches:
Dungeon (1/15)

Altars:

Annotations:
D:2 Terence


Innate Abilities, Weirdness & Mutations

You are completely covered in rugged brown scales. (AC +3, +7% HP)
Armour fits poorly on your strangely shaped body.
You have a long armoured tail.
You roll when moving toward enemies. (Rampage)
Your long tongue fully drains potion bottles. (2x potion effects)
Your tongue gives you trouble enunciating. (1.5x scroll delay)


Message History

The frilled lizard barely misses you.
You closely miss the frilled lizard.
Your tail-slap misses the frilled lizard.
Terence hits you with a +0 falchion. The frilled lizard barely misses you.
Terence hits you but does no damage. The frilled lizard bites you.
You hit the frilled lizard but do no damage.
Your tail-slap misses the frilled lizard.
Terence hits you but does no damage.
The frilled lizard bites you but does no damage.
You miss the frilled lizard. Terence hits you but does no damage.
The frilled lizard bites you.
You barely miss the frilled lizard. You block Terence's attack.
The frilled lizard bites you but does no damage.
Terence barely misses you. The frilled lizard closely misses you.
You hit the frilled lizard.
You kill the frilled lizard!
Terence barely misses you.
You barely miss the hobgoblin. Terence hits you with a +0 falchion.
The hobgoblin barely misses you. Terence hits you with a +0 falchion!
* * * LOW HITPOINT WARNING * * *
The hobgoblin hits you.
* * * LOW HITPOINT WARNING * * *
You slurp down every last drop of the potion of might!
You feel very mighty all of a sudden. The hobgoblin closely misses you.
Terence hits you with a +0 falchion.
* * * LOW HITPOINT WARNING * * *
You bludgeon the hobgoblin!!
You kill the hobgoblin!
Terence hits you with a +0 falchion.
* * * LOW HITPOINT WARNING * * *
You hit Terence.
Terence is lightly wounded.
Terence closely misses you.
You hit Terence.
Terence is moderately wounded.
Terence barely misses you.
You hit Terence. You tail-slap Terence.
Terence is severely wounded.
Terence hits you with a +0 falchion!
You die...

#. .. .## # ..#
##.####.# ..>....#
###. #.#.#.###
....#
#.†@....########..#
####@.#....#......#
#..####...####.#
#..# ##...###.#
##.# ##>.†##.## ...
#.#...... ....
#.####.## ..## #.#
#... ..# ####


You could see Terence.

Vanquished Creatures
  A dart slug (D:1)
  2 endoplasms (D:1)
  3 goblins (D:1)
  2 hobgoblins
  2 bats (D:2)
  A frilled lizard (D:2)
  A kobold (D:2)
  A rat (D:1)
13 creatures vanquished.

Notes
Turn   | Place    | Note
-------+----------+-------------------------------------------
     0 | D:1      | Mickster the Armataur Fighter began the quest for the Orb.
     0 | D:1      | Reached XP level 1. HP: 19/19 MP: 1/1
   228 | D:1      | Reached skill level 4 in Armour
   260 | D:1      | Reached XP level 2. HP: 17/26 MP: 2/2
   398 | D:1      | You fall into a shaft and drop 1 floor!
   478 | D:2      | Noticed Terence
   491 | D:2      | HP: 1/26 [Terence/+0 falchion (3)]
   494 | D:2      | Mangled by Terence

Illustrated notes

Levels and vault maps discovered:
D:1:      evilmike_arrival_rings, layout_loops_corners
D:2:      layout_basic, uniq_terence

Skill      XL: |  1 |
---------------+----+-----
Armour         | 4 |  4.3
Fighting       | |  2.7
Maces & Flails | |  1.9
Shields        | |  3.4

Action                     || total
---------------------------++-------
  Melee: Flail             ||    49
         Tailslap          ||     4
    Use: Potion            ||     3
         Scroll            ||     1
 Armour: Scale mail        ||    30
         Skin              ||     1
  Dodge: Dodged            ||    25
  Block: Buckler           ||     8

Table legend: (Time is in decaauts)
 A = Elapsed time spent in this place.
 B = Non-inter-level travel time spent in this place.
 C = Inter-level travel time spent in this place.
 D = Time resting spent in this place.
 E = Time spent auto-exploring this place.
 F = Levels seen in this place.
 G = Mean time per level.
                   A        B        C        D        E       F      G
               +--------+--------+--------+--------+--------+-----+--------+
         Total |    517 |    517 |      0 |    115 |     48 |   2 |  258.5 |
       Dungeon |    517 |    517 |      0 |    115 |     48 |   2 |  258.5 |
               +--------+--------+--------+--------+--------+-----+--------+

Top non-repeatable levels by time:
     D:1: 412 daAuts
     D:2: 104 daAuts
